 Dungeon Crawl Stone Soup version 0.19.0 (webtiles) character file.

25 Magifyre the Scratcher (level 2, -1/12 HPs)
             Began as a Felid Transmuter on Nov 10, 2016.
             Slain by a goblin (4 damage)
             ... on level 1 of the Dungeon.
             The game lasted 00:01:11 (594 turns).

Magifyre the Scratcher (Felid Transmuter)            Turns: 594, Time: 00:01:11

Health: -1/12      AC:  1    Str:  6    XL:     2   Next: 82%
Magic:  5/6        EV: 18    Int: 14    God:
Gold:   11         SH:  0    Dex: 16    Spells: 1 memorised, 4 levels left
                                        Lives:  0   Deaths: 0

rFire  . . .     SeeInvis +       - Unarmed
rCold  . . .     Gourm    .     (armour unavailable)
rNeg   . . .     Faith    .     (shield unavailable)
rPois  .         Spirit   .     (helmet unavailable)
rElec  .         Reflect  .     (cloak unavailable)
rCorr  .         Harm     .     (gloves unavailable)
MR     .....                    (boots unavailable)
Stlth  +++.......               (no amulet)
                                (no ring)
                                (no ring)

@: very slightly contaminated, quick
A: no armour, no weapons or thrown items, stealth, claws 1, fangs 3, see
invisible, carnivore 3, speed 1, shaggy fur 1, slow metabolism 1, sharp paws
a: no special abilities


You were on level 1 of the Dungeon.
You were completely stuffed.

You visited 1 branch of the dungeon, and saw 1 of its levels.

You collected 11 gold pieces.

Inventory:

Missiles
 a - 12 arrows
Jewellery
 h - an uncursed ring of protection from fire {unknown}
Scrolls
 d - a scroll of identify {unknown}
 e - a scroll of enchant armour {unknown}
 f - a scroll of random uselessness {unknown}
 g - a scroll of blinking {unknown}
Books
 b - a book of Changes

   Spells                             Type                      Level
   a - Beastly Appendage              Transmutation                1
   b - Sticks to Snakes               Transmutation                2
   c - Spider Form                    Transmutation/Poison         3
   d - Ice Form                       Ice/Transmutation            4
   e - Blade Hands                    Transmutation                5
Comestibles
 c - a meat ration


   Skills:
 - Level 1.0 Fighting
 - Level 2.6 Dodging
 + Level 2.3 Stealth
 + Level 3.6 Unarmed Combat
 - Level 2.0 Spellcasting
 - Level 2.1 Transmutations


You had 4 spell levels left.
You knew the following spells:

 Your Spells              Type           Power        Failure   Level  Hunger
a - Beastly Appendage     Tmut           #.....       12%         1    ##.....


Dungeon Overview and Level Annotations

Branches:
Dungeon (1/15)

Altars:


Innate Abilities, Weirdness & Mutations

You cannot wear armour.
You are incapable of wielding weapons or throwing items.
Your paws allow you to move quietly. (Stealth)
You have sharp claws.
You have razor-sharp teeth.
You have supernaturally acute eyesight. (SInv)
You are carnivorous and can eat meat at any time.
You cover ground quickly.
You are covered in fur. (AC +1)
You have a slow metabolism.
Your sharp claws are effective at attacking unaware monsters.


Message History

The goblin hits you but does no damage.
You see here a club.
You scratch the goblin.
You kill the goblin!
Casting: Beastly Appendage
Confirm with . or Enter, or press ? or * to list all spells.
You miscast Beastly Appendage.
You are very lightly contaminated with residual magic.
Nothing appears to happen.
Things that are here:
a club; 11 gold pieces You barely miss the goblin.
The goblin closely misses you.
You closely miss the goblin. The goblin hits you.
* * * LOW HITPOINT WARNING * * *
You are too injured to fight recklessly!
You are too injured to fight recklessly!
You scratch the goblin. Your bite misses the goblin.
The goblin is severely wounded.
The goblin hits you.
You die...

..#...##.#.###........#
..#...+..#.#...###+##.#
..'...####...#...).#
..#...# ##..#.#...# #
..#...# #..#.#...##.#
###...# #...........#
+...## #....#)##.#...
##.### ##...#)...# ##
.....# #....@#......
.#.#.# #.....g..#####
##.#+### #........#
.......# #...>......
###....# #.......[...
..'....# #.............
###....####.............
#.......#.............
###.....#


You could see a goblin.

Vanquished Creatures
  An ooze (D:1)
  3 leopard geckos (D:1)
  A giant cockroach (D:1)
  2 goblins (D:1)
  2 hobgoblins (D:1)
  2 jackals (D:1)
  3 kobolds (D:1)
  A rat (D:1)
15 creatures vanquished.

Notes
Turn   | Place    | Note
-------+----------+-------------------------------------------
     0 | D:1      | Magifyre the Felid Transmuter began the quest for the Orb.
     0 | D:1      | Reached XP level 1. HP: 9/9 MP: 4/4
    69 | D:1      | Reached skill level 1 in Stealth
    90 | D:1      | Reached XP level 2. HP: 5/12 MP: 6/6
   594 | D:1      | Slain by a goblin

Skill      XL: |  1  2 |
---------------+-------+-----
Stealth        | 1 2 |  2.3
Fighting       | |  1.0
Dodging        | |  2.6
Unarmed Combat | |  3.6
Spellcasting   | |  2.0
Transmutations | |  2.1

Action                   || total
-------------------------++-------
Melee: Unarmed           ||    41
       Bite              ||     3
       Headbutt          ||     2
       Punch             ||     1
 Cast: Beastly Appendage ||     4
 Stab: Sleeping          ||     1
  Eat: Chunk             ||     7
Dodge: Dodged            ||    26
